 Dungeon Crawl Stone Soup version 0.29.1-14-g9c671dbff4 (webtiles) character file.

Game seed: 16203395871615180646

715 leafyfresh the Geomancer (level 7, -1/41 HPs)
             Began as an Octopode Earth Elementalist on Feb 21, 2023.
             Was an Initiate of Vehumet.
             Slain by an iguana (7 damage)
             ... on level 5 of the Dungeon.
             The game lasted 00:08:29 (4214 turns).

leafyfresh the Geomancer (OpEE)                     Turns: 4214, Time: 00:08:30

Health: -1/41      AC:  1    Str:  7    XL:     7   Next: 69%
Magic:  1/10       EV: 13    Int: 19    God:    Vehumet [......]
Gold:   262        SH:  0    Dex: 19    Spells: 4/10 levels left

rFire   . . .      SeeInvis .   t - +3 short sword
rCold   . . .      Faith    .   (no shield)
rNeg    . . .      Spirit   .   (helmet restricted)
rPois   .          Reflect  .   i - amulet of regeneration
rElec   .          Harm     .   f - +6 ring of dexterity
rCorr   .          Rampage  .   (no ring)
Will    .....                   (no ring)
Stlth   ++++......              (no ring)
HPRegen 0.93/turn               (no ring)
MPRegen 0.12/turn               (no ring)
                                (no ring)
                                (no ring)

@: no status effects
A: almost no armour, amphibious, 8 rings, camouflage 1, gelatinous body 1,
(nimble swimmer 1), tentacles
a: Renounce Religion


You were on level 5 of the Dungeon.
You worshipped Vehumet.
Vehumet was noncommittal.
You visited 2 branches of the dungeon, and saw 6 of its levels.

You collected 262 gold pieces.

Inventory:

Hand Weapons
 t - a +3 short sword (weapon)
Jewellery
 f - a +6 ring of dexterity (left tentacle)
 i - an amulet of regeneration (around mantle)
 v - an amulet of guardian spirit
 z - an amulet of faith
Wands
 o - a wand of paralysis (8)
Scrolls
 b - a scroll of noise {unknown}
 c - 3 scrolls of teleportation
 d - a scroll of enchant armour {unknown}
 g - a scroll of amnesia
 k - a scroll of blinking
 n - 2 scrolls of vulnerability {unknown}
 p - 2 scrolls of fear
 u - a scroll of enchant weapon {unknown}
 y - 2 scrolls of identify {unknown}
 A - a scroll of torment {unknown}
Potions
 a - 2 potions of magic
 e - a potion of berserk rage {unknown}
 h - 2 potions of brilliance {unknown}
 j - a potion of lignification {unknown}
 l - 2 potions of degeneration {unknown}
 m - 3 potions of invisibility {unknown}
 q - 3 potions of heal wounds {unknown}
 r - a potion of mutation {unknown}
 s - a potion of curing {unknown}
 w - a potion of attraction {unknown}
 x - a potion of might {unknown}


   Skills:
 - Level 2.1 Dodging
 - Level 2.9 Stealth
 - Level 2.1 Spellcasting
 - Level 1.2 Transmutations
 + Level 8.6 Earth Magic


You had 4 spell levels left.
You knew the following spells:

 Your Spells              Type           Power      Damage    Failure   Level
a - Sandblast             Erth           68%        2d15      1%          1
b - Passwall              Tmut/Erth      16%        N/A       3%          2
c - Stone Arrow           Conj/Erth      36%        3d9       9%          3

Your spell library contained the following spells:

 Spells                   Type           Power      Damage    Failure   Level
 Petrify                  Tmut/Erth      20%        N/A       22%         4
 Leda's Liquefaction      Hex/Erth       9%         N/A       28%         4
 Call Canine Familiar     Summ           2%         N/A       45%         3
 Portal Projectile        Hex/Tloc       4%         N/A       45%         3
 Fireball                 Conj/Fire      1%         3d3       99%         5
 Iskenderun's Battlesphe  Conj           2%         2d6       99%         5
 Conjure Ball Lightning   Conj/Air       1%         3x3d6     100%        6
 Orb of Destruction       Conj           1%         9d5       100%        7


Dungeon Overview and Level Annotations

Branches:
Dungeon (5/15)             Temple (1/1) D:4

Altars:
Cheibriados
Gozag
Kikubaaqudgha
Trog
Uskayaw
Vehumet
Yredelemnul
Zin
The Shining One


Innate Abilities, Weirdness & Mutations

You cannot wear most types of armour.
You are amphibious.
You can wear up to eight rings at the same time.
Your skin changes colour to match your surroundings (Stealth+).
Your rubbery body absorbs attacks. (AC +1, EV +1)
((You are camouflaged when in or above water. (Stealth+)))
You have tentacles for arms and can constrict up to eight enemies at once.


Message History

You hit the scorpion.
The scorpion is severely wounded.
You constrict the scorpion.
You feel sick. The scorpion barely misses you. The scorpion stings you!
* * * LOW HITPOINT WARNING * * *
Casting: Sandblast (safe; 1% risk of failure)
Confirm with . or Enter, or press ? or * to list all spells.
Aiming: Sandblast (safe; 1% risk of failure)
Press: ? - help, Shift-Dir - straight line, f - scorpion
Aim: a scorpion (severely wounded, constricted by you, 100% to hit)
The blast of sand hits the scorpion.
The scorpion is severely wounded.
You constrict the scorpion.
You feel sick. The scorpion stings you.
* * * LOW HITPOINT WARNING * * *
Unknown command.
Casting: Sandblast (safe; 1% risk of failure)
Confirm with . or Enter, or press ? or * to list all spells.
You don't have enough magic to cast this spell.
Unknown command.
Unknown command.
Unknown command.
You hit the scorpion.
You kill the scorpion!
Vehumet accepts your kill.
You feel sick. The iguana closely misses you.
Unknown command.
You feel sick.
You completely miss the iguana. Your grab misses the iguana.
You squeeze the iguana.
The iguana is moderately wounded.
You feel sick.
You are no longer poisoned.
The iguana completely misses you.
Unknown command.
You barely miss the iguana. You grab the iguana.
You squeeze the iguana, but do no damage.
The iguana is moderately wounded.
You constrict the iguana, but do no damage.
The iguana bites you!
You die...

.#.#.#.#.#########.# . .#.#.#.#.#
..#.# #######.# .#.#.#.#.#
#.#.###..<....# .#...#†#.#
#.#...........#
.#####.#.#.##..#.#.......<...#
.......#.#.##..#.#....^......+
########.#.##..#.#...........#
.........#.##..#.#....#####...
.#########.##..#@#....# .# # .#
#.##..#l#....# #.#.. .#
#.##..#.#.#### #.#.### .#
##.##..#.#.########.#.#.. .#
#................?....... .#
#........................ .#
#..........†.............
.########........................
................................h


You could see an iguana.

Vanquished Creatures
  Eustachio (D:4)
  An ogre (D:4)
  A bullfrog (D:5)
  2 scorpions
  2 hounds (D:5)
  An orc priest (D:3)
  2 iguanas (D:4)
  7 adders
  A shadow imp (D:5)
  3 ufetubi
  3 dart slugs
  9 orcs
  7 ball pythons
  5 bats
  2 endoplasms
  5 giant cockroaches
  5 hobgoblins
  8 jackals (D:1)
  3 quokkas
  10 goblins
  2 kobolds
  6 rats
86 creatures vanquished.

Notes
Turn   | Place    | Note
-------+----------+-------------------------------------------
     0 | D:1      | leafyfresh the Octopode Earth Elementalist began the quest
                  | for the Orb.
     0 | D:1      | Reached XP level 1. HP: 11/11 MP: 3/3
    81 | D:1      | Reached XP level 2. HP: 11/17 MP: 5/5
   350 | D:1      | Found a faded altar of an unknown god.
   696 | D:1      | Reached XP level 3. HP: 17/21 MP: 6/6
  1153 | D:1      | Reached skill level 4 in Earth Magic
  2154 | D:3      | Reached XP level 4. HP: 27/27 MP: 4/7
  2319 | D:3      | Reached skill level 5 in Earth Magic
  2452 | D:3      | Reached XP level 5. HP: 29/31 MP: 5/8
  2457 | D:3      | Learned a level 2 spell: Passwall
  2461 | D:3      | Learned a level 3 spell: Stone Arrow
  2991 | D:4      | Found a basalt altar of Yredelemnul.
  3006 | D:4      | Reached skill level 6 in Earth Magic
  3171 | D:4      | Reached XP level 6. HP: 36/36 MP: 9/9
  3221 | D:4      | Noticed Eustachio
  3224 | D:4      | Found a staircase to the Ecumenical Temple.
  3231 | Temple   | Entered the Ecumenical Temple
  3413 | Temple   | Became a worshipper of Vehumet
  3524 | D:4      | Killed Eustachio
  3525 | D:4      | Reached skill level 7 in Earth Magic
  3764 | D:4      | Found a glowing golden altar of the Shining One.
  3776 | D:4      | Reached XP level 7. HP: 41/41 MP: 10/10
  3993 | D:5      | Entered Level 5 of the Dungeon
  4003 | D:5      | Reached skill level 8 in Earth Magic
  4214 | D:5      | Slain by an iguana

Illustrated notes

Levels and vault maps discovered:
D:1:      giann_horns, layout_basic, hellmonk_ecumenical_altar_defaced_shrine,
          serial_bayou_ford_a
D:2:      layout_rooms, grunt_decor_one_mirror
D:3:      layout_rooms, hangedman_decor_clover_reticule
D:4:      layout_cave_pools, tso_metal_star, mainiacjoe_overflow_chevrons,
          minmay_temple_entry_grid, saegor_snake_ambush, uniq_eustachio
D:5:      layout_basic, enter_ossuary_4
Temple:   hellmonk_temple_beads

Skill      XL: |  1  2  3  4  5  6  7 |
---------------+----------------------+-----
Earth Magic    | 4 5 6 7 8 |  8.6
Dodging        | |  2.1
Stealth        | |  2.9
Spellcasting   | |  2.1
Transmutations | |  1.2

Action                   |  1- 3 |  4- 6 |  7- 9 || total
-------------------------+-------+-------+-------++-------
Melee: Unarmed           |   100 |    26 |       ||   126
       Tentacles         |    29 |    15 |     5 ||    49
       Constrict         |    27 |    18 |     7 ||    52
       Short sword       |       |    21 |    19 ||    40
       Punch             |       |     1 |       ||     1
 Cast: Sandblast         |    13 |    35 |     3 ||    51
       Stone Arrow       |       |     5 |     3 ||     8
  Use: Scroll            |       |       |     4 ||     4
 Stab: Sleeping          |     6 |     7 |     2 ||    15
Armor: Skin              |    19 |     1 |     1 ||    21
Dodge: Dodged            |    79 |    61 |    18 ||   158
